 Dungeon Crawl Stone Soup version 0.22.1-1-ga44c0e5 (webtiles) character file.

173545 HammerPanzer the Bludgeoner (level 17, -24/161 HPs)
             Began as a Minotaur Berserker on Sept 4, 2018.
             Was the Champion of Trog.
             Killed from afar by a deep elf annihilator (87 damage)
             ... with a crystal spear
             ... on level 3 of the Elven Halls on Oct 28, 2018.
             The game lasted 02:57:13 (32546 turns).

HammerPanzer the Bludgeoner (Minotaur Berserker)   Turns: 32546, Time: 02:57:16

Health: -24/161    AC: 36    Str: 31    XL:     17   Next: 43%
Magic:  5/5        EV:  6    Int:  5    God:    Trog [******]
Gold:   2901       SH: 23    Dex:  8    Spells: 16/16 levels left

rFire    + . .     SeeInvis .   O - +4 demon whip (antimagic)
rCold    + . .     Gourm    .   k - +0 large shield
rNeg     . . .     Faith    .   F - +13 plate armour of Impermeability {MR+++}
rPois    +         Spirit   .   p - +0 hat
rElec    .         Reflect  +   V - scarf {rC+ rF+}
rCorr    .         Harm     .   X - +0 pair of gloves of Theory {+Fly MR+}
MR       +++++                  j - +2 pair of boots {Fly}
Stlth    ..........             R - +2 amulet of reflection
HPRegen  0.36/turn              v - +4 ring of strength
MPRegen  0.09/turn              P - ring "Zime" {+Blink rPois MR+ AC+2 Dex-3}

@: about to teleport, berserk cooldown, flying, slowed, drained, very slow
A: retaliatory headbutt, horns 2, sense surroundings 1, evolution 1
a: Berserk, Trog's Hand, Brothers in Arms, Renounce Religion, Evoke Blink, Stop
Flying


You were on level 3 of the Elven Halls.
You worshipped Trog.
Trog was exalted by your worship.
You were very hungry.

You visited 4 branches of the dungeon, and saw 26 of its levels.
You also visited: Bailey and Volcano.

You collected 5594 gold pieces.
You spent 2693 gold pieces at shops.

Inventory:

Hand Weapons
 s - the +2 broad axe "Laxkuf" {flame, +Rage rC+ Str+3}
   (You took it off a deep elf death mage on level 3 of the Elven Halls)

   It has been specially enchanted to burn those struck by it, causing extra
   injury to most foes and up to half again as much damage against particularly
   susceptible opponents.
   Big, fiery blades are also staple armaments of hydra-hunters.
   It affects your strength (+3).
   It protects you from cold.
   It lets you go berserk.
 y - the +10 trident "Hugi" {pierce, MR+++ Str-2 Int+4}
   (You took it off a spriggan rider on level 3 of the Lair of Beasts)

   It inflicts extra damage upon your enemies.
   It affects your strength (-2).
   It affects your intelligence (+4).
   It affects your resistance to hostile enchantments.
 M - the +9 war axe of Trog {protect, rN+ Str+3}
   (Trog gifted it to you on level 4 of the Lair of Beasts)

   It protects the one who uses it against injury (+AC on strike).
   It affects your strength (+3).
   It protects you from negative energy.
 O - a +4 antimagic demon whip (weapon)
Missiles
 l - 3 javelins (quivered)
Armour
 h - a +0 cloak of magic resistance
 j - a +2 pair of boots of flying (worn)
 k - a +0 large shield (worn)
 p - a +0 hat (worn)
 w - a +2 plate armour of cold resistance
 F - the +13 plate armour of Impermeability (worn) {MR+++}
   (You bought it in a shop on level 13 of the Dungeon)

   It affects your resistance to hostile enchantments.
 V - a scarf of resistance (worn)
 X - the +0 pair of gloves of Theory (worn) {+Fly MR+}
   (You bought it in a shop on level 2 of the Orcish Mines)

   It affects your resistance to hostile enchantments.
   It lets you fly.
 Y - the +3 chain mail of Pleasant Breezes {Str+4}
   (You found it on level 4 of the Lair of Beasts)

   It affects your strength (+4).
Jewellery
 m - an uncursed ring of positive energy
 n - an uncursed amulet of regeneration
 v - a +4 ring of strength (left hand)
 E - a +4 ring of protection
 P - the ring "Zime" (right hand) {+Blink rPois MR+ AC+2 Dex-3}
   (You bought it in a shop on level 12 of the Dungeon)

   [ring of protection]

   It affects your AC (+2).
   It affects your dexterity (-3).
   It protects you from poison.
   It affects your resistance to hostile enchantments.
   It lets you blink.
 Q - the ring of Xabareh {+Blink +Fly rPois Int+2}
   (You bought it in a shop on level 12 of the Dungeon)

   [ring of flight]

   It affects your intelligence (+2).
   It protects you from poison.
   It lets you fly.
   It lets you blink.
 R - a +2 amulet of reflection (around neck)
 Z - an uncursed ring of protection from fire
Wands
 b - a wand of digging (4)
 z - a wand of iceblast (46)
 D - a wand of polymorph (25)
 G - a wand of flame (27)
 H - a wand of enslavement (18)
 I - a wand of acid (7)
Scrolls
 e - 12 scrolls of identify
 i - 5 scrolls of enchant armour
 q - 10 scrolls of teleportation
 r - 12 scrolls of remove curse
 t - 2 scrolls of blinking
 B - 2 scrolls of enchant weapon
 K - a scroll of fear
 N - 3 scrolls of fog
 S - 3 scrolls of magic mapping
Potions
 d - 5 potions of haste
 f - a potion of invisibility
 o - 5 potions of brilliance
 u - 2 potions of resistance
 x - 2 potions of cancellation
 A - 7 potions of lignification
 C - 8 potions of curing
 T - 3 potions of agility
 U - 5 potions of might
Miscellaneous
 J - a fan of gales
 L - a lightning rod (4/4)
Comestibles
 c - 43 rations


   Skills:
 + Level 17.2(16.4) Fighting
 + Level 11.3(17.3) Axes
 + Level 20.5(20.4) Maces & Flails
 * Level 11.1(12.2) Polearms
 + Level 14.7(14.0) Armour
 - Level 2.1(1.6) Dodging
 + Level 14.4(13.7) Shields


You had 16 spell levels left.
You didn't know any spells.
Your spell library was empty.

Dungeon Overview and Level Annotations

Branches:
Dungeon (15/15)            Temple (0/1) D:5            Lair (6/6) D:11
 Shoals (0/4) Lair:4       Spider (0/4) Lair:3        Slime (0/5) Lair:6
    Orc (2/2) D:10            Elf (3/3) Orc:2        Vaults (0/5) D:14
 Depths (0/5) D:15

Altars:
Fedhas
Hepliaklqana
Kikubaaqudgha
Makhleb
Vehumet
Wu Jian
The Shining One
Jiyva

Shops:
D:6 (   D:10 ?   D:12 =   D:13 [   D:14 *   Orc:1 [(   Orc:2 [*[:[(%=   Elf:1 %
Elf:2 *[*

Portals:
Trove: D:15 (give 7 potions of haste)

Annotations:
Lair:3 exclusion: 2 oklob plants


Innate Abilities, Weirdness & Mutations

You reflexively headbutt those who attack you in melee.
You have a pair of horns on your head.
You passively map a small area around you.
You evolve.


Message History

The deep elf elementalist is empowered by the deep elf high priest's aura!
The deep elf mage is empowered by the deep elf high priest's aura!
The deep elf sorcerer is empowered by the deep elf high priest's aura!
The deep elf mage is empowered by the deep elf high priest's aura!
The deep elf annihilator casts a spell.
The deep elf annihilator blinks!
The deep elf annihilator casts a spell.
The deep elf annihilator blinks!
The neqoxec gestures.
The deep elf master archer wields a longbow.
The deep elf master archer shoots an arrow.
You reflect the arrow off an invisible shield around you!
The arrow barely misses the deep elf master archer.
The arrow hits the deep elf sorcerer!!
You block the earth elemental's attack.
The deep elf annihilator gestures wildly while chanting.
The deep elf annihilator blinks!
The deep elf annihilator points at you and mumbles some strange words.
The crystal spear hits you!
Ouch! That really hurt!
You die...

* ee2*. .# #.e.# #. , *
...###.e§###... *
...(..eee3..... *
*#...*.eeeee...#
#..x)e)ee.# ####e###*
#E..E..# #.E@e..#
*#.....## #E###.## ###
#.# #.#####.### #.#
#.........### #.#
###.........### ####
#.)...........# ###..#
#..........((.#
#...(######.......(.)..(#


You could see 2 deep elf master archers, a deep elf annihilator, a deep elf
death mage, 2 deep elf sorcerers, a deep elf elementalist, a deep elf
demonologist, a deep elf archer, 4 earth elementals, a deep elf mage and a
neqoxec.

Vanquished Creatures
  A deep elf master archer (Elf:3)
  2 deep elf blademasters
  Kirke (Lair:6)
  An orc warlord (Orc:2)
  2 deep elf elementalists (Elf:3)
  2 entropy weavers (Lair:5)
  2 deep elf annihilators (Elf:3)
  2 deep elf demonologists (Elf:3)
  Azrael (Orc:2)
  Snorg (D:10)
  2 deep elf death magi (Elf:3)
  The ghost of Leuqus the Wallflower, a journeyman VSAs of Uskayaw (Lair:3)
  2 fire dragons
  An ice dragon (Lair:6)
  Fannar (Lair:1)
  3 deep elf high priests
  4 vault guards
  Harold (Lair:1)
  4 hydras
  A centaur warrior (D:13)
  7 two-headed ogres
  A death knight (D:15)
  7 death yaks (D:10)
  A queen ant (Lair:5)
  An ogre mage (D:15)
  26 dancing weapons
  6 orc high priests
  A tengu warrior (D:15)
  Urug (Lair:1)
  11 deep elf knights
  2 skeletal warriors (Volcano)
  A swamp dragon (Lair:6)
  5 unseen horrors
  5 deep elf archers
  A wizard (D:14)
  Pikel (D:9)
  2 anaconda skeletons (Volcano)
  2 wolf spider zombies
  5 orc knights
  A lindwurm (Lair:6)
  2 orc sorcerers
  40 deep elf magi
  A moth of wrath (Lair:6)
  24 ugly things
  A cyclops (shapeshifter) (Elf:3)
  4 cyclopes
  8 slime creatures
  3 manticores
  4 black mambas
  7 gargoyles
  A black mamba (shapeshifter) (D:15)
  7 torpor snails (Lair:6)
  A molten gargoyle (D:15)
  7 spiny frogs
  A kobold demonologist (D:13)
  3 rime drakes (Lair:6)
  2 efreet
  9 komodo dragons
  A yaktaur (shapeshifter) (D:15)
  2 jumping spiders (Lair:3)
  3 polar bears
  A merfolk (D:9)
  A harpy skeleton (Volcano)
  9 hornets
  Grinder (D:4)
  8 trolls
  5 blink frogs
  14 tyrant leeches (Lair:6)
  6 hippogriffs
  An air elemental (Elf:3)
  3 redbacks (Lair:3)
  2 spriggans (Lair:3)
  55 yaks
  2 flying skulls (Volcano)
  9 basilisks
  A shadow (D:12)
  4 water elementals
  3 vampires (D:12)
  6 fire elementals
  7 wyverns
  2 wraiths
  4 fire bats (D:12)
  2 steam dragons (Lair:6)
  2 hungry ghosts
  5 humans (D:6)
  5 vampire mosquitoes
  6 swamp worms (Lair:6)
  17 soldier ants
  A soldier ant (shapeshifter) (D:15)
  4 hell hounds
  2 acid dragons
  A warg (Orc:2)
  11 water moccasins
  2 swamp drakes (Lair:6)
  2 ice beasts
  4 porcupines
  5 sky beasts
  35 orc warriors
  A black bear (D:15)
  16 ogres
  5 boggarts
  2 eyes of draining
  3 phantoms
  17 centaurs
  13 wolves
  12 crocodiles
  2 big kobolds
  17 bullfrogs
  An earth elemental (Elf:2)
  A wyvern skeleton (D:14)
  A water moccasin zombie (D:5)
  4 scorpions
  8 killer bees
  17 wights
  2 howler monkeys
  8 crimson imps
  2 bullfrog zombies
  7 lava snakes
  3 quasits
  4 centaur zombies
  4 gnoll shamans (D:3)
  10 orc priests
  4 bullfrog skeletons
  8 hounds
  11 iguanas
  4 jellies
  18 orc wizards
  4 centaur skeletons
  2 hell rats (D:7)
  48 worker ants
  A killer bee zombie (D:9)
  2 naga skeletons (Volcano)
  3 worker ant zombies
  35 gnolls (D:3)
  7 adders
  8 river rats (D:7)
  4 shadow imps
  An ooze (D:2)
  An adder zombie (D:9)
  2 worms
  A dart slug (D:2)
  5 leopard geckos
  59 orcs
  3 ball pythons
  13 bats
  5 giant cockroaches
  5 goblins
  8 hobgoblins
  21 jackals
  27 kobolds
  13 quokkas
  3 frilled lizards
  A jackal zombie (D:6)
  21 rats
  A fungus (Orc:2)
  2 plants
1012 creatures vanquished.

Vanquished Creatures (others)
  A deep elf archer (Elf:3)
  A flying skull (Volcano)
  4 humans (Lair:6)
  A centaur (D:13)
  An orc wizard (Orc:2)
  27 fungi
  21 plants
56 creatures vanquished.

Grand Total: 1068 creatures vanquished

Notes
Turn   | Place    | Note
-------+----------+-------------------------------------------
     0 | D:1      | HammerPanzer the Minotaur Berserker began the quest for the
                  | Orb.
     0 | D:1      | Reached XP level 1. HP: 19/19 MP: 0/0
    92 | D:1      | Reached skill level 4 in Maces & Flails
   109 | D:1      | Reached XP level 2. HP: 22/27 MP: 1/1
   670 | D:2      | Reached XP level 3. HP: 32/33 MP: 2/2
   900 | D:2      | Reached skill level 5 in Maces & Flails
  1444 | D:3      | Reached XP level 4. HP: 41/41 MP: 3/3
  1444 | D:3      | Reached ** piety under Trog
  1711 | D:3      | Reached skill level 6 in Maces & Flails
  1738 | D:3      | Found a hazy altar of Hepliaklqana.
  1751 | D:3      | Reached XP level 5. HP: 40/47 MP: 4/4
  1756 | D:3      | Reached skill level 5 in Fighting
  1900 | D:3      | Upgraded the game from 0.22.0-49-gab54619 to
                  | 0.22.1-1-ga44c0e5
  1910 | D:3      | Reached skill level 7 in Maces & Flails
  1912 | D:3      | Reached XP level 6. HP: 45/56 MP: 5/5
  2039 | D:3      | Reached skill level 8 in Maces & Flails
  2127 | D:3      | Reached *** piety under Trog
  2138 | D:3      | Reached XP level 7. HP: 48/63 MP: 6/6
  2345 | D:3      | Found an ancient bone altar of Kikubaaqudgha.
  2347 | D:3      | Found a blossoming altar of Fedhas.
  2547 | D:3      | Found a burning altar of Makhleb.
  2865 | D:4      | Noticed Grinder
  2880 | D:4      | Paralysed by Grinder for 7 turns
  2887 | D:4      | Killed Grinder
  2887 | D:4      | Reached skill level 9 in Maces & Flails
  2915 | D:5      | Entered Level 5 of the Dungeon
  3039 | D:4      | Found a glowing golden altar of the Shining One.
  3091 | D:4      | Reached XP level 8. HP: 53/73 MP: 7/7
  3160 | D:4      | Reached skill level 10 in Maces & Flails
  3264 | D:4      | Found a radiant altar of Vehumet.
  3273 | D:4      | Found a transporter.
  3300 | D:4      | Found a transporter.
  3794 | D:5      | Reached skill level 11 in Maces & Flails
  3825 | D:5      | Reached **** piety under Trog
  4335 | D:5      | Found a staircase to the Ecumenical Temple.
  4461 | D:6      | Reached XP level 9. HP: 68/82 MP: 8/8
  4496 | D:6      | Reached skill level 12 in Maces & Flails
  4665 | D:6      | Noticed a gargoyle
  4682 | D:6      | Killed a gargoyle
  4690 | D:6      | Noticed a cyclops
  4708 | D:6      | Reached skill level 13 in Maces & Flails
  4733 | D:6      | Reached skill level 10 in Fighting
  4965 | D:6      | Reached ***** piety under Trog
  5039 | D:6      | Found Ufuxkean's Antique Weapon Boutique.
  5426 | D:7      | Reached XP level 10. HP: 94/94 MP: 9/9
  5846 | D:7      | Reached skill level 14 in Maces & Flails
  5846 | D:7      | Reached skill level 1 in Shields
  6225 | D:8      | Found an ornate altar of the Wu Jian Council.
  6950 | D:9      | Found Inim's General Store.
  6958 | D:9      | Received a gift from Trog
  6984 | D:9      | Noticed a two-headed ogre
  6992 | D:9      | Killed a two-headed ogre
  7191 | D:9      | Noticed Pikel
  7194 | D:9      | Reached skill level 5 in Armour
  7210 | D:9      | Killed Pikel
  7210 | D:9      | Reached skill level 15 in Maces & Flails
  7450 | D:9      | Reached XP level 11. HP: 99/102 MP: 10/10
  7620 | D:10     | Entered Level 10 of the Dungeon
  7682 | D:10     | Found a burning altar of Makhleb.
  7747 | D:10     | Noticed a two-headed ogre
  7754 | D:10     | Killed a two-headed ogre
  7754 | D:10     | Reached skill level 5 in Shields
  7813 | D:10     | Noticed a two-headed ogre
  7819 | D:10     | Killed a two-headed ogre
  7929 | D:10     | Noticed Snorg
  7944 | D:10     | Killed Snorg
  8181 | D:10     | Got a pitted ring mail
  8222 | D:10     | Identified the +3 ring mail of Suecu {Str+4} (You found it
                  | on level 10 of the Dungeon)
  8327 | D:10     | Found a staircase to the Orcish Mines.
  8418 | D:10     | Found Tuts's Magic Scroll Shop.
  8418 | D:10     | Noticed a two-headed ogre
  8424 | D:10     | Killed a two-headed ogre
  8424 | D:10     | Reached skill level 16 in Maces & Flails
  8633 | D:11     | Noticed a death yak
  8633 | D:11     | Noticed a death yak
  8638 | D:11     | Noticed a death yak
  8639 | D:11     | Noticed a death yak
  8656 | D:10     | Killed a death yak
  8733 | D:11     | Noticed a death yak
  8733 | D:11     | Noticed a death yak
  8742 | D:10     | Killed a death yak
  8750 | D:10     | Killed a death yak
  8805 | D:11     | Noticed a death yak
  8814 | D:10     | Killed a death yak
  8818 | D:10     | Killed a death yak
  8818 | D:10     | Reached XP level 12. HP: 68/113 MP: 11/11
  8880 | D:10     | Killed a death yak
  8884 | D:10     | Killed a death yak
  9027 | D:11     | Found a staircase to the Lair.
  9417 | D:11     | You fall through a shaft!
  9432 | D:12     | Found a flagged portal.
  9441 | Bailey   | Entered a bailey
  9556 | D:12     | Reached ****** piety under Trog
  9578 | D:12     | Noticed a two-headed ogre
  9582 | D:12     | Killed a two-headed ogre
  9584 | D:12     | Reached skill level 17 in Maces & Flails
  9622 | D:12     | Noticed a fire dragon
  9623 | D:12     | Found the +7 great mace "Firestarter" {inner flame, rF++}
  9647 | D:12     | Killed a fire dragon
  9856 | D:12     | Found Digeo's Jewellery Boutique.
  9880 | D:12     | Bought the ring "Zime" {+Blink rPois MR+ AC+2 Dex-3} for
                  | 302 gold pieces
  9880 | D:12     | Bought the ring of Xabareh {+Blink +Fly rPois Int+2} for
                  | 438 gold pieces
  9880 | D:12     | Bought a +2 amulet of reflection for 82 gold pieces
  9930 | D:12     | Received a gift from Trog
 10677 | D:13     | Noticed a centaur warrior
 10883 | D:13     | Killed a centaur warrior
 11145 | D:12     | Reached XP level 13. HP: 113/122 MP: 12/12
 11452 | D:13     | Found Caet's Antique Armour Shop.
 11490 | D:13     | D:12 armor shop
 11509 | D:13     | Reached skill level 18 in Maces & Flails
 11911 | D:14     | Found Wipto's General Store.
 11948 | D:14     | Reached skill level 10 in Armour
 12480 | D:14     | Reached skill level 10 in Shields
 13137 | D:14     | Found a gate to the Vaults.
 13393 | D:14     | You fall through a shaft!
 13393 | D:15     | Entered Level 15 of the Dungeon
 13453 | D:15     | Received a gift from Trog
 13462 | D:15     | Reached skill level 1 in Axes
 13629 | D:15     | Reached XP level 14. HP: 50/133 MP: 13/13
 15449 | D:15     | Reached skill level 5 in Axes
 15538 | D:15     | Found a portal to a secret trove of treasure.
 16521 | D:15     | Found a staircase to the Depths.
 16537 | D:15     | Reached skill level 15 in Fighting
 16939 | Orc:1    | Entered Level 1 of the Orcish Mines
 17010 | Orc:1    | Found Oklibic's Weapon Shoppe.
 17010 | Orc:1    | Found Oray's Antique Armour Boutique.
 17384 | Orc:1    | Reached skill level 19 in Maces & Flails
 18064 | Orc:2    | Entered Level 2 of the Orcish Mines
 18064 | Orc:2    | Found a staircase to the Elven Halls.
 18534 | Orc:2    | Found Keiss's Book Boutique.
 18751 | Orc:2    | Noticed an orc warlord
 19022 | Orc:2    | Killed an orc warlord
 19027 | Orc:2    | Received a gift from Trog
 19787 | Orc:2    | Found Kokhlod's Antique Armour Boutique.
 19789 | Orc:2    | Found Homut's Antique Weapon Shop.
 19793 | Orc:2    | Noticed Azrael
 20046 | Orc:2    | Killed Azrael
 20077 | Orc:2    | Bought a runed morningstar for 238 gold pieces
 20093 | Orc:2    | Bought a pair of brightly glowing gloves for 313 gold
                  | pieces
 20103 | Orc:2    | Identified the -5 pair of gloves of the Desert {Int+3} (You
                  | bought it in a shop on level 2 of the Orcish Mines)
 20144 | Orc:2    | Found Culeob's Jewellery Boutique.
 20145 | Orc:2    | Found Anwen's Food Boutique.
 20223 | Orc:2    | Found Upluewed's Antique Armour Boutique.
 20234 | Orc:2    | Bought a pair of faintly humming gloves for 256 gold pieces
 20244 | Orc:2    | Identified the cursed +0 pair of gloves of Theory {+Fly
                  | MR+} (You bought it in a shop on level 2 of the Orcish
                  | Mines)
 20297 | Orc:2    | Found Arown's Antique Armour Boutique.
 20413 | Orc:2    | Found Tugya's General Store.
 20612 | Lair:1   | Entered Level 1 of the Lair of Beasts
 20624 | Lair:1   | Noticed Fannar
 20638 | Lair:1   | Killed Fannar
 20640 | Lair:1   | Noticed Harold
 20647 | Lair:1   | Killed Harold
 20647 | Lair:1   | Reached XP level 15. HP: 139/141 MP: 14/14
 20848 | Lair:1   | Noticed Urug
 20856 | Lair:1   | Killed Urug
 21800 | Lair:2   | Received a gift from Trog
 22398 | Lair:3   | Found a dark tunnel.
 22407 | Volcano  | Entered a volcano
 22703 | Lair:3   | Found a runed door.
 22707 | Lair:3   | Noticed Leuqus's ghost (journeyman VSAs)
 22726 | Lair:3   | Killed Leuqus's ghost
 22759 | Lair:3   | Got a polished trident {pierce}
 22761 | Lair:3   | Identified the +10 trident "Hugi" {pierce, MR+++ Str-2
                  | Int+4} (You took it off a spriggan rider on level 3 of the
                  | Lair of Beasts)
 23141 | Lair:3   | Reached skill level 1 in Polearms
 23290 | Lair:3   | Found a hole to the Spider Nest.
 24263 | Lair:4   | Found a staircase to the Shoals.
 24282 | Lair:4   | Got a steaming chain mail
 24299 | Lair:4   | Received a gift from Trog
 24324 | Lair:4   | Identified the +3 chain mail of Pleasant Breezes {Str+4}
                  | (You found it on level 4 of the Lair of Beasts)
 24326 | Lair:4   | Got a faintly glowing war axe {god gift}
 24327 | Lair:4   | Identified the +9 war axe of Trog {protect, rN+ Str+3}
                  | (Trog gifted it to you on level 4 of the Lair of Beasts)
 25106 | Lair:5   | Reached skill level 5 in Polearms
 25709 | Lair:6   | Entered Level 6 of the Lair of Beasts
 25813 | Lair:6   | Noticed Kirke
 25829 | Lair:6   | Killed Kirke
 25910 | Lair:6   | Received a gift from Trog
 26520 | Lair:6   | Reached XP level 16. HP: 151/151 MP: 5/15
 27034 | Lair:6   | Found a runed door.
 27558 | Lair:6   | Found a viscous altar of Jiyva.
 27575 | Lair:6   | Found a staircase to the Slime Pits.
 28019 | Elf:1    | Entered Level 1 of the Elven Halls
 28469 | D:13     | Bought a distressingly furry plate armour for 1064 gold
                  | pieces
 28479 | D:13     | Identified the +13 plate armour of Impermeability {MR+++}
                  | (You bought it in a shop on level 13 of the Dungeon)
 28835 | Elf:1    | Received a gift from Trog
 28911 | Elf:1    | Reached skill level 20 in Maces & Flails
 28976 | Elf:1    | Found Olig Xof's Food Shop.
 29147 | Elf:1    | Reached skill level 10 in Axes
 29598 | Elf:2    | Found Keoschaet's Assorted Antiques.
 29610 | Elf:2    | Found Kabunow's General Store.
 29919 | Elf:2    | Identified a scroll of acquirement
 30123 | Elf:2    | Found a huge runed gate.
 30123 | Elf:2    | Found a huge runed gate.
 30124 | Elf:2    | Found a huge runed gate.
 30216 | Elf:2    | Found Keoqez's Antique Armour Shop.
 30397 | Elf:2    | Noticed a deep elf blademaster
 30402 | Elf:2    | Received a gift from Trog
 30424 | Elf:2    | Killed a deep elf blademaster
 31252 | Elf:2    | Reached XP level 17. HP: 159/160 MP: 5/16
 31280 | Elf:2    | Reached skill level 10 in Polearms
 31405 | Elf:3    | Entered Level 3 of the Elven Halls
 31526 | Elf:3    | Noticed a deep elf master archer
 32013 | Elf:3    | Received a gift from Trog
 32035 | Elf:3    | Killed a deep elf master archer
 32419 | Elf:3    | Gained mutation: You evolve. [potion of mutation]
 32419 | Elf:3    | Gained mutation: You passively map a small area around you.
                  | [potion of mutation]
 32424 | Elf:3    | Got an ichor-stained broad axe {flame}
 32425 | Elf:3    | Identified the cursed +2 broad axe "Laxkuf" {flame, +Rage
                  | rC+ Str+3} (You took it off a deep elf death mage on level
                  | 3 of the Elven Halls)
 32473 | Elf:3    | Noticed a deep elf blademaster
 32490 | Elf:3    | Killed a deep elf blademaster
 32519 | Elf:3    | Noticed a deep elf master archer
 32537 | Elf:3    | Noticed a deep elf master archer
 32546 | Elf:3    | Killed from afar by a deep elf annihilator

Skill      XL: |  1  2  3  4  5  6  7  8  9 10 11 12 13 14 15 16 17 |
---------------+----------------------------------------------------+-----
Maces & Flails | 4 5 6 7 8 9 11 13 15 16 17 18 19 20 | 20.5
Fighting       | 4 5 6 7 8 10 11 12 13 14 15 16 17 | 17.2
Shields        | 4 7 9 11 12 13 14 | 14.4
Armour         | 5 7 9 11 12 13 14 | 14.7
Axes           | 2 8 9 10 11 | 11.3
Polearms       | 6 9 11 | 11.1
Dodging        | |  2.1

Action                   |  1- 3 |  4- 6 |  7- 9 | 10-12 | 13-15 | 16-18 || total
-------------------------+-------+-------+-------+-------+-------+-------++-------
Melee: Mace              |    84 |   101 |       |   180 |   364 |       ||   729
       Headbutt          |     8 |    27 |    55 |   161 |   457 |   137 ||   845
       Flail             |       |    19 |    92 |       |    50 |       ||   161
       Morningstar       |       |       |   212 |   526 |   249 |       ||   987
       Whip              |       |       |       |    39 |       |       ||    39
       Dire flail        |       |       |       |       |   459 |       ||   459
       War axe           |       |       |       |       |    38 |       ||    38
       Demon whip        |       |       |       |       |   409 |   676 ||  1085
       Trident           |       |       |       |       |    55 |       ||    55
Throw: Tomahawk          |       |     1 |     2 |       |       |       ||     3
       Javelin           |       |       |       |    13 |     3 |     2 ||    18
Invok: Berserk           |     1 |     6 |     3 |    18 |    21 |     7 ||    56
       Brothers in Arms  |       |       |       |       |       |     1 ||     1
 Abil: Evoke Blink       |       |       |       |       |       |     1 ||     1
  Use: Scroll            |       |       |    18 |     4 |    11 |     7 ||    40
       Potion            |       |       |     1 |     1 |     5 |     2 ||     9
 Stab: Sleeping          |     1 |       |       |       |       |       ||     1
  Eat: Chunk             |     2 |     8 |    14 |    29 |    48 |    19 ||   120
       Ration            |       |       |       |     2 |     6 |     2 ||    10
Armor: Animal skin       |    18 |       |       |       |       |       ||    18
       Leather armour    |     3 |    12 |    49 |       |       |       ||    64
       Plate armour      |       |       |    55 |   176 |       |   130 ||   361
       Troll leather arm |       |       |       |   178 |   150 |       ||   328
       Ring mail         |       |       |       |     8 |   199 |       ||   207
       Fire dragon scale |       |       |       |     2 |    22 |       ||    24
       Chain mail        |       |       |       |       |    47 |    36 ||    83
Dodge: Dodged            |    72 |    75 |   131 |   254 |   340 |    52 ||   924
Block: Buckler           |       |       |       |   247 |   121 |       ||   368
       Reflection        |       |       |       |     8 |    16 |    38 ||    62
       Large shield      |       |       |       |       |   596 |   444 ||  1040
       Other             |       |       |       |       |    16 |       ||    16
